 Dungeon Crawl Stone Soup version 0.29.1-12-g30fa7ad0bf (webtiles) character file.

Game seed: 8156421020058227703

15 FexLirch the Digger (level 2, -7/20 HPs)
             Began as a Meteoran Earth Elementalist on Jan 4, 2023.
             Was an Initiate of Gozag.
             Mangled by a gnoll
             ... wielding a +0 halberd
              (16 damage)
             ... on level 2 of the Dungeon.
             The game lasted 00:02:41 (263 turns).

FexLirch the Digger (Meteoran Earth Elementalist)    Turns: 263, Time: 00:02:41

Health: -7/20      AC:  2    Str:  9    XL:     2   Next: 88%
Magic:  5/7        EV:  6    Int: 16    God:    Gozag
Gold:   62         SH:  0    Dex: 14    Spells: 4/7 levels left

rFire   . . .      SeeInvis .   (no weapon)
rCold   . . .      Faith    .   g - +2 buckler
rNeg    . . .      Spirit   .   a - +0 robe
rPois   .          Reflect  .   (no helmet)
rElec   .          Harm     .   f - scarf {shadows}
rCorr   .          Rampage  .   (no gloves)
Will    .....                   (no boots)
Stlth   +.........              (no amulet)
HPRegen 0.06/turn               (no ring)
MPRegen 0.10/turn               (no ring)

@: held, glowing
A: sense surroundings 1, otherworldly, glowing, explore regen
a: Renounce Religion, Potion Petition, Call Merchant, Bribe Branch


You were on level 2 of the Dungeon.
You worshipped Gozag.
Gozag was noncommittal.
You visited 1 branch of the dungeon, and saw 2 of its levels.

You collected 62 gold pieces.

Inventory:

Armour
 a - a +0 robe (worn)
 f - a scarf of shadows (worn)
 g - a +2 buckler (worn)
Scrolls
 c - 2 scrolls of identify {unknown}
Potions
 b - a potion of magic
 d - a potion of curing {unknown}
 e - a potion of flight {unknown}


   Skills:
 - Level 2.4 Dodging
 - Level 1.4 Stealth
 + Level 3.1 Spellcasting
 + Level 1.3 Conjurations
 - Level 1.2 Transmutations
 + Level 4.0 Earth Magic


You had 4 spell levels left.
You knew the following spells:

 Your Spells              Type           Power      Damage    Failure   Level
a - Sandblast             Erth           30%        2d9       4%          1
b - Passwall              Tmut/Erth      8%         N/A       13%         2

Your spell library contained the following spells:

 Spells                   Type           Power      Damage    Failure   Level
 Stone Arrow              Conj/Erth      22%        3d8       26%         3
 Petrify                  Tmut/Erth      10%        N/A       65%         4


Dungeon Overview and Level Annotations

Branches:
Dungeon (2/15) Zot: 925

Altars:
Gozag


Innate Abilities, Weirdness & Mutations

You passively map a small area around you.
You are easily found by Zot.
You glow in the dark.
You regain HP and MP as you explore.


Message History

Aim: a gnoll, wielding a +0 whip and quivering a throwing net (61% to hit)
You throw a throwing net. The throwing net hits the gnoll.
The gnoll is caught in the net!
The gnoll struggles against the net.
A gnoll comes into view. It is wielding a +0 halberd.
The gnoll shouts!
You hear a shout!
The gnoll struggles against the net.
A gnoll comes into view. It is wielding a +0 club.
Casting: Sandblast (safe; 4% risk of failure)
Confirm with . or Enter, or press ? or * to list all spells.
Aiming: Sandblast (safe; 4% risk of failure)
Press: ? - help, Shift-Dir - straight line, f/p - gnoll
Aim: a gnoll, wielding a +0 whip and quivering a throwing net (entangled in a net, 100% to hit)
The blast of sand hits the gnoll.
The gnoll is moderately wounded.
The gnoll shouts!
The gnoll struggles against the net.
An adder comes into view.
Casting: Sandblast (safe; 4% risk of failure)
Confirm with . or Enter, or press ? or * to list all spells.
Aiming: Sandblast (safe; 4% risk of failure)
Press: ? - help, Shift-Dir - straight line, f/p - gnoll
Aim: a gnoll, wielding a +0 whip and quivering a throwing net (moderately wounded, entangled in a net, 100% to hit)
The blast of sand hits the gnoll.
The gnoll is severely wounded.
The adder hisses angrily.
The gnoll struggles against the net.
A gnoll opens the door.
The gnoll struggles against the net.
The net rips apart, and the gnoll comes free!
The gnoll throws a throwing net.
The throwing net hits you.
You become entangled in the net!
You see here a throwing net.
You tear a large gash into the net.
The gnoll hits you from afar with a +0 halberd!
Ouch! That really hurt!
You struggle against the net.
The gnoll hits you from afar with a +0 halberd!
Ouch! That really hurt!
You die...
Your body crumbles into a pile of gold.

, , * .. < * #> ##
* * , #.**#. , * $
# #?###.### * ,
..#.#... ...# ,
.......# #..# # *
?......###..#.####
.....gSg.@.<.....#
...#..g###.......#
,
...'.............#
,
..#........######
, .$#........# , ,
,###......# , ,*
######## ,


You could see 3 gnolls and an adder.

Vanquished Creatures
  A goblin (D:1)
  A hobgoblin (D:1)
  3 jackals (D:1)
  3 kobolds (D:1)
  A quokka (D:1)
  A ball python (D:1)
  5 rats (D:1)
15 creatures vanquished.

Notes
Turn   | Place    | Note
-------+----------+-------------------------------------------
     0 | D:1      | FexLirch the Meteoran Earth Elementalist began the quest
                  | for the Orb.
     0 | D:1      | Reached XP level 1. HP: 14/14 MP: 5/5
    61 | D:1      | Reached XP level 2. HP: 20/20 MP: 3/6
    68 | D:1      | Reached skill level 1 in Conjurations
    77 | D:1      | Learned a level 2 spell: Passwall
   102 | D:1      | Found a faded altar of an unknown god.
   107 | D:1      | Prayed at the altar of an unknown god.
   107 | D:1      | Became a worshipper of Gozag Ym Sagoz the Greedy
   189 | D:1      | Reached skill level 4 in Earth Magic
   263 | D:2      | Mangled by a gnoll

Illustrated notes

Levels and vault maps discovered:
D:1:      dpeg_arrival_ratfight, layout_basic, chequers_ecumenical_altar_grove
D:2:      kennysheep_big_flooded_room, layout_basic, minmay_misc_feat_rows

Skill      XL: |  1  2 |
---------------+-------+-----
Spellcasting   | 3 |  3.1
Conjurations   | 1 |  1.3
Earth Magic    | 4 |  4.0
Dodging        | |  2.4
Stealth        | |  1.4
Transmutations | |  1.2

Action                   || total
-------------------------++-------
Melee: Unarmed           ||     2
       Punch             ||     1
Throw: Throwing net      ||     1
 Cast: Sandblast         ||    21
Armor: Robe              ||     2
Dodge: Dodged            ||     7
Block: Buckler           ||     1
